| TOP OF THE 1ST |
|
Monterrey Lasers batting - Pitching for Durango Desert Dogs : RHP Ricardo Posada
|
|
Pitching: RHP Ricardo Posada
|
|
|
Batting: LHB Lenny Dykstra
|
0-0: SINGLE (Line Drive, 8LS, EV 110.0 MPH)
|
|
Batting: RHB Shawon Dunston
|
0-0: Ball 1-0: Ball 2-0: Called Strike 2-1: Swinging Strike 2-2: Foul Ball, location: 2F 2-2: Strikes out swinging
|
|
Batting: LHB Terry Francona
|
0-0: Ball 1-0: Ball 2-0: Ball 3-0: Called Strike 3-1: Base on Balls Lenny Dykstra to second
|
|
Batting: RHB Kirby Puckett
|
0-0: Fly out, F7 (Flyball, 7S, EV 97.5 MPH)
|
|
Batting: LHB Mike Kingery
|
0-0: Foul Ball, location: 2F 0-1: Foul Ball, location: 2F 0-2: Strikes out swinging
|
| Top of the 1st over - 0 runs, 1 hit, 0 errors, 2 left on base; Monterrey 0 - Durango 0 |
| BOTTOM OF THE 1ST |
|
Durango Desert Dogs batting - Pitching for Monterrey Lasers : LHP Tim Conroy
|
|
Pitching: LHP Tim Conroy
|
|
|
Batting: LHB Chris Stropolo
|
0-0: Ball 1-0: Foul Ball, location: 2F 1-1: Swinging Strike 1-2: Ball 2-2: Ball 3-2: Fly out, F4 (Popup, 4MD, EV 39.4 MPH)
|
|
Batting: RHB Rusty Tillman
|
0-0: Called Strike 0-1: Swinging Strike 0-2: Ground out U3 (Groundball, 34S, EV 84.4 MPH)
|
|
Batting: SHB Tony Phillips
|
0-0: Swinging Strike 0-1: Ball 1-1: Called Strike 1-2: Foul Ball, location: 2F 1-2: Ball 2-2: Ball 3-2: Ground out 4-3 (Groundball, 4, EV 86.9 MPH)
|
| Bottom of the 1st over - 0 runs, 0 hits, 0 errors, 0 left on base; Monterrey 0 - Durango 0 |
| TOP OF THE 2ND |
|
Monterrey Lasers batting - Pitching for Durango Desert Dogs : RHP Ricardo Posada
|
|
Batting: RHB Juan Alvarez
|
0-0: Hit by Pitch
|
|
Batting: LHB Larry Donofrio
|
0-0: Called Strike 0-1: Foul Ball, location: 2F 0-2: Foul Ball, location: 2F 0-2: SINGLE (Groundball, 23, EV 65.6 MPH) (infield hit) Juan Alvarez to second
|
|
Batting: RHB Gil Marquez
|
0-0: Swinging Strike 0-1: Ball 1-1: Ball 2-1: Called Strike 2-2: Strikes out swinging
|
|
Batting: RHB Juan Castro
|
0-0: Ball 1-0: Ball 2-0: SINGLE (Groundball, 34S, EV 70.0 MPH) (infield hit) Juan Alvarez to third Larry Donofrio to second
|
|
Batting: LHB Lenny Dykstra
|
0-0: Ball 1-0: Hit by Pitch Juan Alvarez scores Larry Donofrio to third Juan Castro to second
|
|
Batting: RHB Shawon Dunston
|
0-0: Foul Ball, location: 2F 0-1: Ball 1-1: Ball 2-1: Ball 3-1: Fly out, F8 (Flyball, 8LS, EV 91.3 MPH)
|
|
Batting: LHB Terry Francona
|
0-0: Ball 1-0: Ball 2-0: Ground out 4-3 (Groundball, 34D, EV 89.4 MPH)
|
| Top of the 2nd over - 1 run, 2 hits, 0 errors, 3 left on base; Monterrey 1 - Durango 0 |
| BOTTOM OF THE 2ND |
|
Durango Desert Dogs batting - Pitching for Monterrey Lasers : LHP Tim Conroy
|
|
Batting: SHB Mike D Young
|
0-0: Called Strike 0-1: Ball 1-1: Foul Ball, location: 2F 1-2: Reached on error, E2 (Groundball, 2R, EV 66.3 MPH)
|
|
Batting: LHB Greg Brock
|
0-0: Called Strike 0-1: Called Strike 0-2: Reached via error on a dropped throw from 1B, E1 (Groundball, 34, EV 100.0 MPH) Mike D Young to third
|
|
Batting: RHB John Guarino
|
0-0: Ball 1-0: Ball 2-0: Called Strike 2-1: Swinging Strike 2-2: Foul Ball, location: 2F 2-2: Reached on error, E5 (Groundball, 56S, EV 91.3 MPH) Mike D Young scores Greg Brock to second
|
|
Batting: LHB Dan Graham
|
0-0: Ball 1-0: Grounds into double play, 4-6-3 (Groundball, 34, EV 87.5 MPH) Greg Brock to third
|
|
Batting: RHB Dave C Anderson
|
0-0: Ball 1-0: SINGLE (Line Drive, 89M, EV 94.4 MPH) Greg Brock scores
|
|
Batting: SHB Dale Sveum
|
0-0: Ball 1-0: Ball 2-0: Ball 3-0: Called Strike 3-1: Foul Ball, location: 2F 3-2: Ground out 6-3 (Groundball, 6, EV 89.4 MPH)
|
| Bottom of the 2nd over - 2 runs, 1 hit, 3 errors, 1 left on base; Monterrey 1 - Durango 2 |
| TOP OF THE 3RD |
|
Monterrey Lasers batting - Pitching for Durango Desert Dogs : RHP Ricardo Posada
|
|
Batting: RHB Kirby Puckett
|
0-0: Called Strike 0-1: Ground out 3-1 (Groundball, 34S, EV 86.3 MPH)
|
|
Batting: LHB Mike Kingery
|
0-0: Foul Ball, location: 2F 0-1: Called Strike 0-2: Foul Ball, location: 2F 0-2: Ball 1-2: Fly out, F7 (Line Drive, 7, EV 108.8 MPH)
|
|
Batting: RHB Juan Alvarez
|
0-0: Ball 1-0: Swinging Strike 1-1: Ball 2-1: Foul Ball, location: 2F 2-2: Ground out 5-3 (Groundball, 5, EV 90.0 MPH)
|
| Top of the 3rd over - 0 runs, 0 hits, 0 errors, 0 left on base; Monterrey 1 - Durango 2 |
| BOTTOM OF THE 3RD |
|
Durango Desert Dogs batting - Pitching for Monterrey Lasers : LHP Tim Conroy
|
|
Batting: LHB Chris Stropolo
|
0-0: Foul Ball, location: 2F 0-1: Ground out U3 (Groundball, 3L, EV 85.6 MPH)
|
|
Batting: RHB Rusty Tillman
|
0-0: Called Strike 0-1: SINGLE (Line Drive, 8RS, EV 106.3 MPH)
|
|
Batting: SHB Tony Phillips
|
0-0: Called Strike 0-1: Ball 1-1: Ball 2-1: Called Strike 2-2: Ball 3-2: Foul Ball, location: 2F 3-2: Strikes out looking Rusty Tillman steals 2nd base Batter strikes out.
|
|
Batting: SHB Mike D Young
|
0-0: Foul Ball, location: 2F 0-1: Foul Ball, location: 2F 0-2: Ball 1-2: Ball 2-2: Strikes out swinging
|
| Bottom of the 3rd over - 0 runs, 1 hit, 0 errors, 1 left on base; Monterrey 1 - Durango 2 |
| TOP OF THE 4TH |
|
Monterrey Lasers batting - Pitching for Durango Desert Dogs : RHP Ricardo Posada
|
|
Batting: LHB Larry Donofrio
|
0-0: Ball 1-0: Ball 2-0: Ball 3-0: Called Strike 3-1: Fly out, F8 (Line Drive, 8LD, EV 88.8 MPH)
|
|
Batting: RHB Gil Marquez
|
0-0: Fly out, F8 (Line Drive, 8RM, EV 88.8 MPH)
|
|
Batting: RHB Juan Castro
|
0-0: Foul Ball, location: 2F 0-1: Swinging Strike 0-2: Ground out 5-3 (Groundball, 56S, EV 75.6 MPH)
|
| Top of the 4th over - 0 runs, 0 hits, 0 errors, 0 left on base; Monterrey 1 - Durango 2 |
| BOTTOM OF THE 4TH |
|
Durango Desert Dogs batting - Pitching for Monterrey Lasers : LHP Tim Conroy
|
|
Batting: LHB Greg Brock
|
0-0: Ball 1-0: Foul Ball, location: 2F 1-1: Ball 2-1: Foul Ball, location: 2F 2-2: Ball 3-2: Base on Balls
|
|
Batting: RHB John Guarino
|
0-0: Ball 1-0: Foul Ball, location: 2F 1-1: Ball 2-1: Ball 3-1: Fly out, F7 (Flyball, 78M, EV 88.8 MPH)
|
|
Batting: LHB Dan Graham
|
0-0: Called Strike 0-1: Swinging Strike 0-2: Ball 1-2: Strikes out looking
|
|
Batting: RHB Dave C Anderson
|
0-0: SINGLE (Flyball, 89S, EV 88.8 MPH) Greg Brock to second Runner from 2nd tries for 3rd, SAFE, throw by RF made to third
|
|
Batting: SHB Dale Sveum
|
0-0: Ball 1-0: Called Strike 1-1: Foul Ball, location: 2F 1-2: Strikes out swinging
|
| Bottom of the 4th over - 0 runs, 1 hit, 0 errors, 2 left on base; Monterrey 1 - Durango 2 |
| TOP OF THE 5TH |
|
Monterrey Lasers batting - Pitching for Durango Desert Dogs : RHP Ricardo Posada
|
|
Batting: LHB Lenny Dykstra
|
0-0: Ball 1-0: Ball 2-0: DOUBLE (Line Drive, 78D, EV 106.9 MPH)
|
|
Batting: RHB Shawon Dunston
|
0-0: Called Strike 0-1: Ball 1-1: Ball 2-1: Foul Ball, location: 2F 2-2: Ball 3-2: Strikes out swinging
|
|
Batting: LHB Terry Francona
|
0-0: Called Strike 0-1: Ball 1-1: Ground out 6-3 (Groundball, 6, EV 88.1 MPH) Lenny Dykstra to third
|
|
Batting: RHB Kirby Puckett
|
0-0: Swinging Strike 0-1: Ball 1-1: Ball 2-1: SINGLE (Line Drive, 9LS, EV 91.9 MPH) Lenny Dykstra scores
|
|
Batting: LHB Mike Kingery
|
0-0: Foul Ball, location: 2F 0-1: SINGLE (Groundball, 15S, EV 67.5 MPH) (infield hit) Kirby Puckett to second
|
|
Batting: RHB Juan Alvarez
|
0-0: Ball 1-0: DOUBLE (Line Drive, 89M, EV 94.4 MPH) Kirby Puckett scores Mike Kingery to third Runner from 3rd tries for Home, SAFE, no throw by CF
|
|
Batting: LHB Larry Donofrio
|
0-0: Swinging Strike 0-1: Swinging Strike 0-2: Strikes out swinging
|
| Top of the 5th over - 3 runs, 4 hits, 0 errors, 1 left on base; Monterrey 4 - Durango 2 |
| BOTTOM OF THE 5TH |
|
Durango Desert Dogs batting - Pitching for Monterrey Lasers : LHP Tim Conroy
|
|
Batting: LHB Chris Stropolo
|
0-0: Called Strike 0-1: Swinging Strike 0-2: Strikes out looking
|
|
Batting: RHB Rusty Tillman
|
0-0: Ball 1-0: Ball 2-0: Ball 3-0: Called Strike 3-1: Called Strike 3-2: Strikes out swinging
|
|
Batting: SHB Tony Phillips
|
0-0: Ball 1-0: Ball 2-0: Ball 3-0: Base on Balls
|
|
Batting: SHB Mike D Young
|
0-0: Ball Tony Phillips is caught stealing 2nd base 2-4
|
| Bottom of the 5th over - 0 runs, 0 hits, 0 errors, 0 left on base; Monterrey 4 - Durango 2 |
| TOP OF THE 6TH |
|
Monterrey Lasers batting - Pitching for Durango Desert Dogs : RHP Ricardo Posada
|
|
Batting: RHB Gil Marquez
|
0-0: Foul Ball, location: 2F 0-1: Swinging Strike 0-2: Ball 1-2: Ball 2-2: Ball 3-2: Foul Ball, location: 2F 3-2: Foul Ball, location: 2F 3-2: Foul Ball, location: 2F 3-2: Strikes out looking
|
|
Batting: RHB Juan Castro
|
0-0: Fly out, F7 (Flyball, 78S, EV 91.9 MPH)
|
|
Batting: LHB Lenny Dykstra
|
0-0: Swinging Strike 0-1: Called Strike 0-2: SINGLE (Line Drive, 6D, EV 105.6 MPH)
|
|
Batting: RHB Shawon Dunston
|
0-0: Ball Lenny Dykstra steals 2nd base 1-0: Fly out, F9 (Line Drive, 9, EV 91.3 MPH)
|
| Top of the 6th over - 0 runs, 1 hit, 0 errors, 1 left on base; Monterrey 4 - Durango 2 |
| BOTTOM OF THE 6TH |
|
Durango Desert Dogs batting - Pitching for Monterrey Lasers : LHP Tim Conroy
|
|
Batting: SHB Mike D Young
|
0-0: Called Strike 0-1: Ball 1-1: Ball 2-1: Foul Ball, location: 2F 2-2: Foul Ball, location: 2F 2-2: Strikes out swinging
|
|
Batting: LHB Greg Brock
|
0-0: Called Strike 0-1: Ball 1-1: Foul Ball, location: 2F 1-2: Ball 2-2: Ground out 4-3 (Groundball, 34D, EV 109.4 MPH)
|
|
Batting: RHB John Guarino
|
0-0: Called Strike 0-1: Ball 1-1: Swinging Strike 1-2: Ball 2-2: Strikes out looking
|
| Bottom of the 6th over - 0 runs, 0 hits, 0 errors, 0 left on base; Monterrey 4 - Durango 2 |
| TOP OF THE 7TH |
|
Monterrey Lasers batting - Pitching for Durango Desert Dogs : RHP Ricardo Posada
|
|
Batting: LHB Terry Francona
|
0-0: Ball 1-0: Called Strike 1-1: SINGLE (Groundball, 34D, EV 102.5 MPH)
|
|
Batting: RHB Kirby Puckett
|
0-0: Foul Ball, location: 2F 0-1: Called Strike 0-2: Ball 1-2: Ball 2-2: Foul Ball, location: 2F 2-2: Ball 3-2: Strikes out looking
|
|
Batting: LHB Mike Kingery
|
0-0: Ball 1-0: Foul Ball, location: 2F 1-1: Called Strike 1-2: Ball 2-2: Ball 3-2: Strikes out looking
|
|
Batting: RHB Juan Alvarez
|
0-0: Called Strike 0-1: Ball 1-1: Ball 2-1: Foul Ball, location: 2F 2-2: Fly out, F7 (Flyball, 7, EV 89.4 MPH)
|
| Top of the 7th over - 0 runs, 1 hit, 0 errors, 1 left on base; Monterrey 4 - Durango 2 |
| BOTTOM OF THE 7TH |
|
Durango Desert Dogs batting - Pitching for Monterrey Lasers : LHP Tim Conroy
|
|
Batting: LHB Dan Graham
|
0-0: Called Strike 0-1: Ball 1-1: Ball 2-1: Ball 3-1: Foul Ball, location: 2F 3-2: Foul Ball, location: 2F 3-2: Foul Ball, location: 2F 3-2: Fly out, F7 (Flyball, 7, EV 93.8 MPH)
|
|
Batting: RHB Dave C Anderson
|
0-0: Ball 1-0: Called Strike 1-1: Ground out 6-3 (Groundball, 56, EV 85.0 MPH)
|
|
Batting: SHB Dale Sveum
|
0-0: Ball 1-0: Foul Ball, location: 2F 1-1: Ball 2-1: Fly out, F4 (Popup, 3D, EV 55.6 MPH)
|
| Bottom of the 7th over - 0 runs, 0 hits, 0 errors, 0 left on base; Monterrey 4 - Durango 2 |
| TOP OF THE 8TH |
|
Monterrey Lasers batting - Pitching for Durango Desert Dogs : RHP Ricardo Posada
|
|
Batting: LHB Larry Donofrio
|
0-0: Ball 1-0: Called Strike 1-1: Ball 2-1: Foul Ball, location: 2F 2-2: Fly out, F9 (Flyball, 9S, EV 81.9 MPH)
|
|
Batting: RHB Gil Marquez
|
0-0: Fly out, F9 (Flyball, 9LM, EV 89.4 MPH)
|
|
Batting: RHB Juan Castro
|
0-0: Ball 1-0: Foul Ball, location: 2F 1-1: Swinging Strike 1-2: Strikes out looking
|
| Top of the 8th over - 0 runs, 0 hits, 0 errors, 0 left on base; Monterrey 4 - Durango 2 |
| BOTTOM OF THE 8TH |
|
Durango Desert Dogs batting - Pitching for Monterrey Lasers : LHP Tim Conroy
|
|
Batting: LHB Chris Stropolo
|
0-0: Called Strike 0-1: Ball 1-1: Ball 2-1: Foul Ball, location: 2F 2-2: Strikes out swinging
|
|
Batting: RHB Rusty Tillman
|
0-0: Ball 1-0: DOUBLE (Line Drive, 7LM, EV 93.1 MPH)
|
|
Batting: SHB Tony Phillips
|
0-0: Ball 1-0: Ball 2-0: Ball 3-0: Swinging Strike 3-1: Foul Ball, location: 2F 3-2: Foul Ball, location: 2F 3-2: Base on Balls
|
|
Batting: SHB Mike D Young
|
0-0: Called Strike 0-1: Ball 1-1: Foul Ball, location: 2F 1-2: Fly out, F9 (Flyball, 9LM, EV 91.9 MPH)
|
|
Batting: LHB Greg Brock
|
0-0: Called Strike 0-1: Ball 1-1: Ball 2-1: Called Strike 2-2: SINGLE (Groundball, 3D, EV 107.5 MPH) Rusty Tillman to third Tony Phillips to second Runner from 3rd tries for Home, SAFE, throw by RF to home
|
|
Batting: RHB John Guarino
|
0-0: Foul Ball, location: 2F 0-1: Ball 1-1: Ball 2-1: Ball 3-1: Foul Ball, location: 2F 3-2: Foul Ball, location: 2F 3-2: Base on Balls Tony Phillips to third Greg Brock to second
|
|
Pitching: RHP Alberto Zamora
|
|
|
Batting: LHB Dan Graham
|
0-0: Called Strike 0-1: Ball 1-1: Ball 2-1: Ball 3-1: Base on Balls Tony Phillips scores Greg Brock to third John Guarino to second
|
|
Batting: RHB Dave C Anderson
|
0-0: Ball 1-0: Called Strike 1-1: Foul Ball, location: 2F 1-2: SINGLE (Groundball, 4D, EV 101.3 MPH) Greg Brock scores John Guarino to third Dan Graham to second Runner from 3rd tries for Home, SAFE, throw by RF to home
|
|
Batting: SHB Dale Sveum
|
0-0: Ball 1-0: Swinging Strike 1-1: Foul Ball, location: 2F 1-2: Ball 2-2: Ball 3-2: Reached on error, E7 (Flyball, 78M, EV 93.1 MPH) Dan Graham scores Dave C Anderson to third
|
|
Batting: LHB Chris Stropolo
|
0-0: Ball 1-0: Foul Ball, location: 2F 1-1: Called Strike 1-2: Strikes out swinging
|
| Bottom of the 8th over - 5 runs, 3 hits, 1 error, 2 left on base; Monterrey 4 - Durango 7 |
| TOP OF THE 9TH |
|
Monterrey Lasers batting - Pitching for Durango Desert Dogs : RHP Ricardo Posada
|
|
Pitching: RHP Dan Quisenberry
|
|
|
Batting: LHB Lenny Dykstra
|
0-0: Ball 1-0: Called Strike 1-1: Ball 2-1: Fly out, F9 (Line Drive, 9D, EV 97.5 MPH)
|
|
Batting: RHB Shawon Dunston
|
0-0: Ball 1-0: Swinging Strike 1-1: Called Strike 1-2: Strikes out looking
|
|
Batting: LHB Terry Francona
|
0-0: Ball 1-0: Hit by Pitch
|
|
Batting: RHB Kirby Puckett
|
0-0: Called Strike 0-1: DOUBLE (Flyball, 8LXD, EV 95.6 MPH) Terry Francona to third
|
|
Batting: LHB Mike Kingery
|
0-0: Called Strike 0-1: Ground out 4-3 (Groundball, 4, EV 105.0 MPH)
|
| Top of the 9th over - 0 runs, 1 hit, 0 errors, 2 left on base; Monterrey 4 - Durango 7 |
|